 Dungeon Crawl Stone Soup version 0.16-a0-1348-g01787a8 (webtiles) character file.

55 Psiweapon the Ruffian (level 3, -12/36 HPs)
             Began as a Troll Monk on Oct 18, 2014.
             Mangled by sargx's ghost (14 damage)
             ... on level 3 of the Dungeon.
             The game lasted 00:03:43 (575 turns).

Psiweapon the Ruffian (Troll Monk)                   Turns: 575, Time: 00:03:43

Health: -12/36     AC:  6    Str: 19    XL:     3   Next: 67%
Magic:  2/2        EV: 10    Int:  6    God:
Gold:   9          SH:  0    Dex: 13    Spells: 0 memorised, 2 levels left

rFire  . . .     SeeInvis .       - Unarmed
rCold  . . .     Clarity  .     a - +0 robe
rNeg   . . .     SustAb   .     (shield restricted)
rPois  .         Gourm    +     (helmet restricted)
rElec  .         Spirit   .     f - +0 cloak
rCorr  .         Warding  .     (gloves unavailable)
rMut   .         Stasis   .     (boots unavailable)
MR     .....                    (no amulet)
Stlth  +.........               (no ring)
                                (no ring)

@: not resistant to hostile enchantments, very unstealthy
A: unfitting armour, claws 3, fast metabolism 3, gourmand, regeneration 2,
saprovore 2, shaggy fur 1, tough skin 2
a: no special abilities


You were on level 3 of the Dungeon.
You were not hungry.

You visited 1 branch of the dungeon, and saw 4 of its levels.

You collected 9 gold pieces.

Inventory:

Hand weapons
 l - a +0 blowgun
Missiles
 g - 30 sling bullets
 k - 8 stones (quivered)
 m - 17 poisoned needles
Armour
 a - a +0 robe (worn)
 f - a +0 cloak (worn)
Magical devices
 o - a wand of digging (11)
Scrolls
 c - a scroll of remove curse {unknown}
 d - a scroll of identify {unknown}
 e - a scroll of magic mapping {unknown}
 h - a scroll of teleportation {unknown}
 j - a scroll of recharging {unknown}
Comestibles
 b - 5 meat rations
 i - 3 fruits
 n - a bread ration


   Skills:
 + Level 2.8 Fighting
 + Level 2.8 Dodging
 - Level 1.1 Stealth
 + Level 4.7 Unarmed Combat


You had 2 spell levels left.
You didn't know any spells.

Dungeon Overview and Level Annotations

Branches:
Dungeon (4/15)
 Temple: D:4-7

Altars:
Nemelex Xobeh
Ru
Vehumet

Annotations:
D:3 sargx's ghost, average GrFi


Innate Abilities, Weirdness & Mutations

You are too large for most types of armour.
You have claws for hands.
Your metabolism is lightning-fast.
You like to eat raw meat.
You heal very quickly.
You can eat rotten meat.
You are covered in fur (AC +1).
You have very tough skin (AC +2).


Message History

You scratch sargx's ghost but do no damage.
Sargx's ghost is lightly damaged.
Sargx's ghost hits you!
* * * LOW HITPOINT WARNING * * *
You scratch sargx's ghost but do no damage.
Sargx's ghost is lightly damaged.
You scratch sargx's ghost.
Sargx's ghost is moderately damaged.
Sargx's ghost hits you.
* * * LOW HITPOINT WARNING * * *
The goblin barely misses you.
You scratch sargx's ghost.
Sargx's ghost is moderately damaged.
Sargx's ghost hits you.
* * * LOW HITPOINT WARNING * * *
The goblin hits you but does no damage.
You scratch sargx's ghost.
Sargx's ghost is moderately damaged.
Sargx's ghost hits you!
You die...

. .......... . ..
.......##. .. #### ...
......##. #. ##...##.#
.....##. .. #.8.8.#.#
....##. ... #.._..#.#
... #. ... #.8...#.# ##
#.. #...g#W#+ #
...#####@..#####....
.........⌠..........
...#####...#####....
##...'#.#'...# ...
#.8..)#.#...8.#...#####
#.._..#.#.._..#........
#.8.8.#.#.8.8.#........
##...##.##...##....[...
#####...#####.........


You could see sargx's ghost and a goblin.

Vanquished Creatures
  A worker ant (D:4)
  Terence (D:3)
  An adder (D:3)
  An orc (D:3)
  2 goblins
  A hobgoblin (D:2)
  A jackal (D:4)
  3 kobolds
  A giant newt (D:1)
12 creatures vanquished.

Notes
Turn   | Place    | Note
--------------------------------------------------------------
     0 | D:1      | Psiweapon, the Troll Monk, began the quest for the Orb.
     0 | D:1      | Reached XP level 1. HP: 22/22 MP: 1/1
   212 | D:3      | Noticed sargx's ghost (average GrFi)
   336 | D:3      | Reached XP level 2. HP: 29/29 MP: 1/1
   441 | D:4      | Noticed an ogre
   461 | D:4      | Reached XP level 3. HP: 7/36 MP: 2/2
   547 | D:3      | Found a sparkling altar of Nemelex Xobeh.
   550 | D:3      | Found a sacrificial altar of Ru.
   550 | D:3      | Noticed Terence
   559 | D:3      | Killed Terence
   568 | D:3      | Found a radiant altar of Vehumet.
   575 | D:3      | Mangled by sargx's ghost

Action                   || total
-------------------------++-------
Melee: Unarmed           ||    59
  Eat: Chunk             ||     2
